 Dungeon Crawl Stone Soup version 0.21.1-1-g345015f (webtiles) character file.

536 Fang the Chopper (level 7, -11/66 HPs)
             Began as a Gargoyle Berserker on May 16, 2018.
             Was a Priest of Trog.
             Mangled by an ogre
             ... wielding a +0 giant spiked club
              (12 damage)
             ... on level 4 of the Dungeon on May 17, 2018.
             The game lasted 00:05:58 (3563 turns).

Fang the Chopper (Gargoyle Berserker)               Turns: 3563, Time: 00:05:58

Health: -11/66     AC:  8    Str: 27    XL:     7   Next: 25%
Magic:  16/16      EV: 13    Int:  8    God:    Trog [***...]
Gold:   249        SH:  0    Dex:  9    Spells: 6/6 levels left

rFire    . . .     SeeInvis .   d - +0 hand axe (curse)
rCold    . . .     Gourm    .   (no shield)
rNeg     + . .     Faith    .   b - +1 animal skin
rPois    ∞         Spirit   .   (no helmet)
rElec    +         Reflect  .   (no cloak)
rCorr    .         Harm     .   (no gloves)
MR       .....                  (no boots)
Stlth    ..........             (no amulet)
HPRegen  0.21/turn              l - ring of magical power
MPRegen  0.15/turn              (no ring)

@: berserking, very quick
A: negative energy resistance 1, electricity resistance, unbreathing,
petrification resistance, rot immunity, AC +4
a: Berserk, Trog's Hand, Burn Spellbooks, Renounce Religion


You were on level 4 of the Dungeon.
You worshipped Trog.
Trog was most pleased with you.
You were very hungry.

You visited 1 branch of the dungeon, and saw 4 of its levels.

You collected 249 gold pieces.

Inventory:

Hand Weapons
 a - a +0 hand axe
 d - a cursed +0 hand axe (weapon)
Missiles
 j - 8 javelins of penetration (quivered)
Armour
 b - a +1 animal skin (worn)
Jewellery
 l - a ring of magical power (left hand)
Scrolls
 e - 3 scrolls of teleportation
 i - a scroll of random uselessness {unknown}
 q - 2 scrolls of identify
Potions
 f - 2 potions of agility
 g - a potion of heal wounds
 h - a potion of curing
 k - 2 potions of resistance
 m - a potion of mutation
 n - a potion of haste
 o - a potion of ambrosia
 r - a potion of berserk rage {unknown}
Comestibles
 c - 9 rations


   Skills:
 + Level 4.8 Fighting
 + Level 5.4 Axes
 + Level 2.3 Armour
 + Level 3.4 Dodging
 + Level 1.8 Stealth


You had 6 spell levels left.
You didn't know any spells.

Dungeon Overview and Level Annotations

Branches:
Dungeon (4/15)
 Temple: D:4-7

Altars:
Hepliaklqana


Innate Abilities, Weirdness & Mutations

You are resistant to torment.
Your stone body is resilient. (AC +4)
You are immune to poison.
You resist negative energy. (rN+)
You are resistant to electric shocks. (rElec)
You can survive without breathing.
You are immune to petrification.
You are immune to rotting.


Message History

You are too injured to fight recklessly!
A red film seems to cover your vision as you go berserk!
You feel yourself moving faster!
You feel mighty!
You are feeling very hungry.
You slash the dart slug!
You kill the dart slug!
Trog accepts your kill.
You slash the ogre!
The ogre hits you with a giant spiked club!
* * * LOW HITPOINT WARNING * * *
Unknown command.
You slash the jackal!
You kill the jackal!
Trog accepts your kill.
You barely miss the ogre.
Unknown command.
Unknown command.
You barely miss the jackal. You hit the ogre.
The ogre hits you with a giant spiked club!
You die...

..# ..# ## # #..# $## .
.####..# .!# ..
.......## .. ...
........##### .# ....
....(..#....# ##'#....$
........<..# #hOZ.....
.#......##(+ #@#.....
...........# ##.#.....
......<###..###.........
.......# #........##...
..#..### #....#.###
.##...## ####...#
####...##### ##..# #
##......# #..# #
##.###..###..#


You could see an ogre, a jackal and an adder skeleton.

Vanquished Creatures
  Sigmund (D:3)
  An orc wizard (D:3)
  2 hounds (D:4)
  Jessica (D:3)
  Terence (D:2)
  2 worker ants (D:4)
  Robin (D:3)
  4 gnolls
  3 adders
  3 oozes
  4 worms
  2 dart slugs
  2 leopard geckos
  5 orcs
  2 ball pythons
  10 bats
  2 giant cockroaches
  9 hobgoblins
  A jackal (D:4)
  3 quokkas
  4 frilled lizards
  14 goblins
  4 kobolds
  5 rats
86 creatures vanquished.

Notes
Turn   | Place    | Note
-------+----------+-------------------------------------------
     0 | D:1      | Fang the Gargoyle Berserker began the quest for the Orb.
     0 | D:1      | Reached XP level 1. HP: 14/14 MP: 1/1
    62 | D:1      | Reached XP level 2. HP: 8/19 MP: 2/2
   463 | D:1      | Reached skill level 3 in Axes
   987 | D:1      | Reached XP level 3. HP: 16/24 MP: 3/3
  1259 | D:2      | Reached ** piety under Trog
  1263 | D:2      | Reached XP level 4. HP: 16/29 MP: 4/4
  1560 | D:2      | Noticed Terence
  1570 | D:2      | Killed Terence
  2142 | D:3      | Noticed Jessica
  2164 | D:3      | Killed Jessica
  2164 | D:3      | Reached skill level 4 in Axes
  2164 | D:3      | Reached XP level 5. HP: 16/33 MP: 5/5
  2513 | D:3      | Found a hazy altar of Hepliaklqana.
  2532 | D:3      | Reached skill level 1 in Stealth
  2717 | D:3      | Noticed Robin
  2729 | D:3      | Reached *** piety under Trog
  2741 | D:3      | Killed Robin
  2741 | D:3      | Reached XP level 6. HP: 29/39 MP: 6/6
  2838 | D:3      | Noticed Sigmund
  2848 | D:3      | Killed Sigmund
  2848 | D:3      | Reached skill level 5 in Axes
  3193 | D:3      | Received a gift from Trog
  3271 | D:4      | Reached XP level 7. HP: 39/44 MP: 7/7
  3561 | D:4      | HP: 1/66 [ogre/giant spiked club (11)]
  3563 | D:4      | Mangled by an ogre

Skill      XL: |  1  2  3  4  5  6 |
---------------+-------------------+-----
Axes           | 3 4 5 |  5.4
Dodging        | 2 3 |  3.4
Fighting       | 4 |  4.8
Stealth        | 1 |  1.8
Armour         | |  2.3

Action                   |  1- 3 |  4- 6 |  7- 9 || total
-------------------------+-------+-------+-------++-------
Melee: Hand axe          |    68 |   192 |    45 ||   305
Invok: Berserk           |     4 |     4 |     1 ||     9
  Use: Scroll            |       |    11 |       ||    11
 Stab: Sleeping          |     1 |     1 |       ||     2
  Eat: Chunk             |     1 |     9 |     2 ||    12
       Ration            |     1 |       |       ||     1
Armor: Animal skin       |    29 |    92 |    20 ||   141
Dodge: Dodged            |    40 |   159 |    37 ||   236
